 Dungeon Crawl Stone Soup version 0.20-a0-689-g860b9ab (webtiles) character file.

787 Alarkh the Magician (level 7, -6/50 HPs)
             Began as a Mummy Skald on Feb 19, 2017.
             Was a Follower of Okawaru.
             Shot with an arrow by a centaur (9 damage)
             ... on level 5 of the Dungeon.
             The game lasted 00:07:39 (6342 turns).

Alarkh the Magician (Mummy Skald)                   Turns: 6342, Time: 00:07:40

Health: -6/50      AC:  5    Str: 15    XL:     7   Next: 56%
Magic:  8/15       EV: 11    Int: 14    God:    Okawaru [*.....]
Gold:   252        SH:  0    Dex: 11    Spells: 11/17 levels left

rFire    x . .     SeeInvis .   a - +1 falchion
rCold    + . .     Gourm    .   b - +0 leather armour
rNeg     + + +     Faith    .   (no shield)
rPois    ∞         Spirit   .   (no helmet)
rElec    .         Reflect  .   f - +0 cloak
rCorr    .         Harm     .   (no gloves)
MR       .....                  k - +0 pair of boots
Stlth    +.........             (no amulet)
Regen    0.2/turn               (no ring)
MPRegen  0.2/turn               (no ring)

@: very slightly contaminated
A: no food or potions, fire vulnerability, cold resistance 1, negative energy
resistance 3, torment resistance, unbreathing
a: Heroism, Renounce Religion


You were on level 5 of the Dungeon.
You worshipped Okawaru.
Okawaru was aware of your devotion.
You were not hungry.

You visited 2 branches of the dungeon, and saw 6 of its levels.

You collected 252 gold pieces.

Inventory:

Hand Weapons
 a - a +1 falchion (weapon)
 p - a -3 long sword
Armour
 b - a +0 leather armour (worn)
 f - a +0 cloak (worn)
 k - a +0 pair of boots (worn)
Magical Staves
 i - an uncursed staff of summoning
Wands
 m - a wand of lightning (7/15)
Scrolls
 d - 3 scrolls of teleportation
 e - a scroll of identify
 g - a scroll of fog
 h - a scroll of blinking {unknown}
 j - 2 scrolls of enchant weapon
 l - a scroll of enchant armour {unknown}
 n - 2 scrolls of remove curse
 o - 3 scrolls of amnesia {unknown}
Books
 c - a book of Battle

   Spells                             Type                      Level
   a - Infusion                       Charms                       1
   b - Shroud of Golubria             Charms/Translocation         2
   c - Song of Slaying                Charms                       2
   d - Spectral Weapon                Hexes/Charms                 3
   e - Regeneration                   Charms/Necromancy            3


   Skills:
 - Level 2.0 Fighting
 * Level 5.2 Long Blades
 - Level 0.7 Armour
 - Level 1.5 Dodging
 + Level 5.6 Spellcasting
 + Level 4.2 Charms


You had 11 spell levels left.
You knew the following spells:

 Your Spells              Type           Power        Failure   Level  Hunger
a - Spectral Weapon       Hex/Chrm       #.......     24%         3    N/A
c - Infusion              Chrm           ###.         3%          1    N/A
e - Shroud of Golubria    Chrm/Tloc      #.........   14%         2    N/A

Dungeon Overview and Level Annotations

Branches:
Dungeon (5/15)             Temple (1/1) D:5

Altars:
Ashenzari
Cheibriados
Dithmenos
Elyvilon
Fedhas
Gozag
Hepliaklqana
Kikubaaqudgha
Makhleb
Okawaru
Qazlal
Ru
Sif Muna
Trog
Vehumet
Yredelemnul
Zin


Innate Abilities, Weirdness & Mutations

You do not eat or drink.
Your flesh is vulnerable to fire.
You are immune to poison.
Your flesh is cold resistant. (rC+)
You are immune to negative energy. (rN+++)
You are immune to unholy pain and torment.
You can survive without breathing.


Message History

You draw out your weapon's spirit!
The worker ant bites you.
Unknown command.
You hit the worker ant.
You kill the worker ant!
Okawaru accepts your kill.
The crimson imp blinks!
You hit the leopard gecko.
The leopard gecko is severely wounded.
The leopard gecko misses you.
The crimson imp blinks!
You miss the leopard gecko.
The leopard gecko is severely wounded.
You kill the leopard gecko!
Okawaru accepts your kill.
The centaur unwields an uncursed short sword.
The centaur wields a glowing shortbow.
It bursts into flame!
The centaur shoots an arrow.
The arrow hits you! The arrow burns you.
The centaur shoots an arrow.
The arrow hits you!
* * * LOW HITPOINT WARNING * * *
The arrow burns you!
You die...

.........'†..'......÷........>#
##########...######..###.########
##### ##.# #.#.%.....
###'###.#.###### #.....#.#.......
###.⌠.⌠.#.######## #.'..>..'.#
################(#.⌠.⌠.#.#
.......§.5.§..c†@#.....#.#
####################'###.# #.#|#
#.# #.<.# #.# ##.## #.########
#.# #......... #.# #)########
#.## #.# #..# #.#


You could see a centaur, a crimson imp and a friendly spectral falchion.

Vanquished Creatures
  A phantom (D:4)
  An ogre (D:5)
  A scorpion (D:5)
  A howler monkey (D:4)
  2 bullfrog skeletons
  3 orc priests
  2 worker ants
  Ijyb (D:3)
  3 orc wizards (D:5)
  A hound zombie (D:5)
  3 gnolls (D:4)
  A howler monkey skeleton (D:5)
  4 adders
  2 oozes (D:2)
  4 worms
  A dart slug (D:2)
  2 leopard geckos
  14 orcs
  2 ball pythons
  5 giant cockroaches
  10 goblins
  9 hobgoblins
  15 jackals
  11 kobolds
  3 quokkas
  8 bats
  7 frilled lizards
  A quokka zombie (D:5)
  8 rats
126 creatures vanquished.

Notes
Turn   | Place    | Note
-------+----------+-------------------------------------------
     0 | D:1      | Alarkh the Mummy Skald began the quest for the Orb.
     0 | D:1      | Reached XP level 1. HP: 16/16 MP: 4/4
   132 | D:1      | Found a shattered altar of Ashenzari.
   229 | D:1      | Reached XP level 2. HP: 20/22 MP: 1/6
   755 | D:1      | Reached XP level 3. HP: 21/27 MP: 1/7
  1248 | D:2      | Learned a level 2 spell: Shroud of Golubria
  1252 | D:2      | Learned a level 3 spell: Spectral Weapon
  1863 | D:2      | Reached XP level 4. HP: 23/33 MP: 6/9
  2397 | D:3      | Found a stormy altar of Qazlal.
  2727 | D:3      | Noticed Ijyb
  2740 | D:3      | Killed Ijyb
  2740 | D:3      | Reached XP level 5. HP: 26/38 MP: 4/11
  2751 | D:3      | Found a bloodstained altar of Trog.
  2751 | D:3      | Found an iron altar of Okawaru.
  3312 | D:3      | Found an opulent altar of Gozag.
  3312 | D:3      | Found a burning altar of Makhleb.
  3312 | D:3      | Found an ancient bone altar of Kikubaaqudgha.
  3321 | D:3      | Became a worshipper of Warmaster Okawaru
  3712 | D:4      | Reached XP level 6. HP: 31/44 MP: 6/12
  3775 | D:5      | Entered Level 5 of the Dungeon
  4935 | D:5      | Found a staircase to the Ecumenical Temple.
  4963 | D:5      | Found a sacrificial altar of Ru.
  4964 | D:5      | Found a shattered altar of Ashenzari.
  4974 | D:5      | Reached skill level 5 in Spellcasting
  4985 | Temple   | Entered the Ecumenical Temple
  5254 | D:5      | Found a bloodstained altar of Trog.
  5626 | D:5      | Reached XP level 7. HP: 48/50 MP: 11/14
  6174 | D:4      | Reached skill level 5 in Long Blades
  6237 | D:4      | Reached * piety under Okawaru
  6342 | D:5      | Shot with an arrow by a centaur

Vault maps used:
D:1:      erik_arrival_triangle_medium, minivault_4,
          nicolae_ashenzari_panopticon
D:2:      first_bread
D:3:      nicolae_overflow_hidden_temple, grunt_qazlal_clouds, uniq_iyjb
D:4:      minmay_door_path
D:5:      gammafunk_temple_overflow_pools, minmay_temple_entry_hall,
          serial_shops, shop_fountains, basic_altar, nicolae_underground_beach,
          uniq_menkaure
Temple:   nicolae_temple_figure_zero

Skill      XL: |  1  2  3  4  5  6  7 |
---------------+----------------------+-----
Spellcasting   | 3 4 5 |  5.6
Long Blades    | 2 3 4 5 |  5.2
Charms         | 3 4 |  4.2
Fighting       | |  2.0
Armour         | |  0.7
Dodging        | |  1.5

Action                   |  1- 3 |  4- 6 |  7- 9 || total
-------------------------+-------+-------+-------++-------
Melee: Falchion          |   132 |   242 |    49 ||   423
 Cast: Infusion          |    24 |    34 |     2 ||    60
       Spectral Weapon   |       |     9 |    10 ||    19
       Shroud of Golubri |       |     3 |     3 ||     6
  Use: Scroll            |     1 |     4 |       ||     5
Armor: Leather armour    |    55 |    79 |    10 ||   144
Dodge: Dodged            |   112 |   143 |    30 ||   285
       Rpst.: Falchion   |    27 |    38 |     6 ||    71
